Map: Eastwatch LE

Players

Lambo

  • Race: Zerg Zerg
  • Spawn Location: 1:00

souL - Winner!

  • Race: Terran Terran
  • Spawn Location: 7:00

Event: WCS Leipzig 2018

VOD

Have the link to the VOD?

Description

Time

  • Played on: Jan. 26, 2018, 7:27 a.m.
  • Length: 12:29

All games in this series

Show
View Real Time Build Order
Export as new Build Order

Lambo Zerg 

Build Orders: Hatch First 

Get SALT Encoding   

  12  0:00  Drone  
  13  0:12  Overlord  
  13  0:16  Drone  
  14  0:31  Drone x2  
  16  0:36  Drone  
  17  0:51  Hatchery  
  17  0:54  Drone  
  17  0:57  Drone  
  18  1:09  Extractor  
  17  1:12  Spawning Pool  
  17  1:15  Drone  
  17  1:18  Drone  
  18  1:28  Drone  
  19  1:39  Overlord  
  19  1:50  Drone  
  20  1:59  Queen  
  22  2:01  Zergling x2  
  22  2:03  Zergling x2, Queen  
  26  2:11  Drone  
  26  2:15  Drone  
  28  2:24  Hatchery  
  28  2:26  Drone  
  28  2:29  Drone  
  29  2:36  Metabolic Boost  
  29  2:38  Drone  
  30  2:45  Queen  
  30  2:50  Drone  
  33  2:53  Overlord  
  33  2:57  Drone  
  34  2:58  Drone  
  34  3:02  Drone  
  36  3:11  Drone  
  36  3:12  Drone  
  38  3:13  Drone x2  
  38  3:14  Drone  
  41  3:21  Queen  
  41  3:22  Overlord  
  41  3:25  Drone  
  44  3:33  Overlord  
  44  3:37  Drone x2  
  46  3:42  Drone x4  
  46  3:47  Roach Warren  
  46  3:48  Drone  
  50  3:51  Extractor, Zergling x4  
  50  3:52  Extractor  
  50  3:58  Zergling x6  
  50  4:02  Drone x2  
  54  4:08  Drone  
  55  4:23  Overlord  
  55  4:26  Overlord  
  55  4:29  Overlord  
  55  4:33  Roach  
  55  4:34  Roach x4  
  65  4:39  Overlord  
  65  4:40  Overlord  
  65  4:44  Roach x5  
  75  4:47  Roach  
  75  4:49  Roach  
  75  4:52  Roach  
  81  4:58  Roach  
  83  5:01  Overlord  
  83  5:04  Ravager x2  
  83  5:06  Roach  
  87  5:08  Ravager, Zergling x6  
  87  5:12  Zergling x6  
  94  5:15  Ravager  
  94  5:16  Zergling x4  
  94  5:19  Zergling x2  
  98  5:23  Zergling x6  
  98  5:25  Ravager  
  98  5:26  Zergling x2  
  98  5:27  Zergling x2  
  104  5:33  Zergling x8  
  108  5:37  Ravager  
  108  5:39  Zergling x6  
  108  5:41  Zergling x2  
  113  5:45  Zergling x2  
  109  5:50  Zergling x2  
  109  5:51  Zergling x6  
  109  5:53  Zergling x2  
  113  6:03  Zergling x2  
  113  6:04  Zergling x2  
  110  6:06  Zergling x6  
  110  6:07  Zergling x2  
  114  6:16  Zergling x10  
  109  6:23  Drone x2, Lair  
  109  6:25  Evolution Chamber  
  110  6:26  Evolution Chamber  
  96  6:34  Drone x4  
  90  6:45  Drone x3  
  80  6:53  Roach x6  
  82  6:59  Roach x3  
  88  7:02  Zerg Melee Weapons Level 1  
  88  7:08  Zerg Ground Armor Level 1, Drone x2  
  88  7:12  Drone, Extractor  
  90  7:18  Roach x2  
  90  7:21  Roach x3  
  100  7:23  Drone  
  100  7:27  Roach x2  
  100  7:29  Drone  
  105  7:30  Drone  
  105  7:33  Drone x2  
  105  7:35  Glial Reconstitution  
  103  7:37  Zergling x2  
  103  7:38  Zergling x2  
  104  7:46  Drone x2  
  106  7:54  Baneling Nest, Overlord  
  106  7:57  Overlord  
  105  8:03  Overlord  
  105  8:04  Overlord  
  105  8:06  Overlord  
  105  8:11  Hatchery, Overlord  
  104  8:13  Overlord  
  104  8:14  Overlord  
  104  8:18  Overlord  
  104  8:20  Drone  
  104  8:21  Drone x5  
  104  8:23  Drone, Extractor  
  104  8:24  Extractor  
  104  8:25  Drone  
  110  8:29  Zergling x4  
  110  8:30  Zergling x4  
  110  8:32  Zergling x4  
  101  8:36  Zergling x2  
  101  8:37  Zergling x2  
  101  8:38  Zergling x2  
  95  8:43  Zergling x4  
  95  8:46  Roach, Zergling x2  
  92  8:50  Zergling x4  
  92  8:52  Zergling x2  
  92  8:57  Zergling x6  
  95  9:03  Ravager  
  95  9:04  Ravager  
  95  9:06  Ravager  
  95  9:08  Zergling x4  
  95  9:09  Zergling x4  
  102  9:18  Zergling x10  
  102  9:19  Zerg Ground Armor Level 2  
  98  9:27  Drone x2  
  98  9:30  Drone x2  
  94  9:35  Roach x2, Zergling x2  
  96  9:39  Queen  
  96  9:41  Roach x2  
  102  9:47  Roach  
  102  9:51  Roach x2  
  108  9:58  Roach  
  110  10:01  Baneling  
  110  10:02  Ravager x2, Baneling x5  
  110  10:03  Ravager x4  
  110  10:04  Roach, Zergling x2  
  110  10:07  Baneling x4  
  119  10:08  Zergling x2  
  119  10:11  Zergling x2  
  114  10:14  Zergling x8  
  114  10:18  Zergling x2  
  114  10:19  Centrifical Hooks  
  112  10:23  Roach, Zergling x2  
  112  10:25  Queen  
  115  10:30  Zergling x2  
  115  10:35  Zergling x4  
  105  10:39  Roach  
  105  10:41  Zergling x6  
  103  10:45  Roach  
  103  10:47  Ravager  
  103  10:48  Roach  
  107  10:52  Roach x2  
  107  10:54  Zergling x4  
  113  11:00  Ravager  
  113  11:01  Baneling x6  
  113  11:03  Roach x2  
  118  11:09  Zergling x8  
  104  11:16  Zergling x2  
  103  11:22  Zergling x2  
  103  11:23  Zergling x6  
  103  11:29  Roach x2  
  100  11:34  Roach  
  100  11:37  Zergling x4  
  101  11:45  Roach x2, Zergling x4  
  101  11:50  Ravager x6  
  101  11:51  Zergling x4  
  104  11:55  Baneling x2  
  104  11:58  Zergling x4  
  106  12:01  Zergling x2  
  106  12:03  Baneling x3  
  106  12:04  Baneling  
  106  12:08  Zergling x2  
  105  12:11  Zergling x4  
  105  12:13  Baneling x3  
Show
View Real Time Build Order
Export as new Build Order

souL Terran - Winner!

Build Orders: Command Center First (CC), MMM Bio 

Get SALT Encoding   

  12  0:00  SCV  
  13  0:13  SCV  
  14  0:18  Supply Depot  
  14  0:25  SCV  
  15  0:39  SCV  
  16  0:55  SCV  
  17  1:01  Command Center  
  17  1:07  SCV  
  17  1:10  Refinery  
  18  1:20  Barracks  
  18  1:25  SCV  
  19  1:37  SCV  
  20  1:51  SCV  
  21  2:07  Marine  
  21  2:08  Orbital Command  
  22  2:10  Factory  
  22  2:12  Orbital Command  
  22  2:28  Barracks Reactor  
  22  2:35  SCV  
  23  2:39  SCV  
  24  2:48  SCV, Command Center  
  25  2:51  SCV  
  26  3:00  SCV  
  26  3:03  SCV  
  28  3:07  Refinery  
  28  3:08  Hellion x2  
  28  3:12  Supply Depot  
  32  3:14  SCV, Barracks Tech Lab  
  32  3:15  SCV  
  34  3:26  SCV  
  35  3:28  SCV  
  36  3:35  Marine  
  36  3:38  SCV, Barracks, Stimpack  
  36  3:39  Barracks  
  36  3:40  Factory Reactor  
  38  3:44  SCV  
  39  3:50  SCV, Supply Depot  
  39  3:53  Marine  
  41  3:56  SCV  
  42  4:03  Engineering Bay  
  42  4:05  Engineering Bay  
  42  4:08  Supply Depot  
  42  4:09  SCV  
  43  4:10  Marine  
  43  4:13  SCV  
  46  4:20  Orbital Command, Starport  
  45  4:25  SCV  
  45  4:28  Marine  
  45  4:29  Refinery  
  45  4:31  Terran Infantry Weapons Level 1, Terran Infantry Armor Level 1  
  47  4:34  Marine  
  44  4:38  SCV  
  44  4:39  Bunker, SCV  
  44  4:44  Refinery  
  46  4:46  Factory Reactor  
  46  4:47  SCV  
  46  4:49  Marine x2  
  46  4:50  SCV  
  46  4:51  Marine  
  51  4:53  Marine  
  51  4:54  Marine  
  51  4:55  SCV  
  55  5:02  SCV  
  55  5:04  Supply Depot  
  55  5:06  Marine  
  55  5:07  SCV, Marine  
  55  5:09  Marine  
  55  5:13  Supply Depot  
  59  5:14  Orbital Command  
  59  5:15  SCV  
  59  5:19  SCV  
  59  5:20  Marine  
  62  5:27  SCV, Medivac x2  
  62  5:28  Factory Tech Lab, Marine x3  
  67  5:29  Marine  
  67  5:32  SCV  
  72  5:37  Supply Depot, Marine  
  72  5:39  SCV, Combat Shields  
  72  5:40  SCV  
  75  5:44  SCV  
  75  5:46  Marine x4  
  77  5:51  Siege Tank  
  77  5:55  Marine  
  66  6:04  Marine x4  
  57  6:13  Marine  
  54  6:19  SCV  
  54  6:22  Medivac, Marine x4  
  57  6:31  SCV, Marine  
  58  6:32  Orbital Command  
  58  6:39  Siege Tank, Marine  
  57  6:40  Marine x3  
  57  6:41  Liberator  
  57  6:43  Medivac  
  60  6:49  Marine  
  63  6:55  SCV x2  
  63  6:57  Marine  
  63  6:58  Marine x2  
  69  7:15  Supply Depot  
  69  7:30  SCV, Liberator, Marine  
  69  7:33  Marine  
  69  7:36  SCV, Marine x3  
  69  7:37  SCV  
  74  7:42  SCV  
  77  7:57  Supply Depot  
  77  7:59  SCV x3, Supply Depot, Marine x5  
  85  8:08  Engineering Bay  
  85  8:09  Engineering Bay  
  85  8:19  SCV x3, Marine x3  
  91  8:24  Supply Depot, Marine  
  92  8:29  Marine  
  92  8:31  SCV x3  
  91  8:36  Marine x2  
  91  8:39  Marine  
  92  8:43  SCV x3  
  92  8:45  Marine  
  92  8:47  Marine  
  89  8:54  Marine x2  
  89  8:55  SCV x3  
  90  9:02  Medivac, Marine  
  90  9:03  Medivac  
  90  9:04  Marine  
  90  9:07  SCV x3  
  97  9:10  Marine  
  97  9:12  Marine x2  
  99  9:19  SCV  
  99  9:20  Liberator, Marine  
  99  9:21  Supply Depot x2  
  99  9:22  Marine  
  102  9:28  Marine  
  102  9:30  Siege Tank, Marine x2  
  102  9:31  SCV  
  109  9:35  Medivac  
  109  9:38  Marine  
  108  9:42  SCV, Marine  
  111  9:45  Marine  
  111  9:46  Supply Depot  
  111  9:47  Supply Depot  
  111  9:48  SCV, Marine x2  
  111  9:49  SCV, Refinery  
  116  9:54  SCV  
  116  9:56  Marine  
  118  10:00  SCV, Marine  
  118  10:01  SCV  
  118  10:03  Marine  
  118  10:05  Marine x2  
  118  10:07  SCV  
  125  10:12  SCV  
  125  10:14  Marine  
  126  10:15  Siege Tank  
  126  10:18  Marine  
  126  10:21  Marine  
  126  10:23  Marine x2  
  126  10:25  Medivac  
  128  10:31  Marine  
  128  10:32  SCV  
  128  10:33  Armory  
  127  10:36  SCV, Marine  
  127  10:39  SCV, Marine  
  127  10:41  Marine x2  
  128  10:44  Medivac  
  128  10:46  SCV, Barracks  
  128  10:47  Barracks  
  128  10:49  Marine  
  131  10:53  Marine  
  131  10:57  Marine  
  132  10:58  SCV  
  132  10:59  Supply Depot, Marine x2  
  132  11:00  Command Center  
  136  11:07  Marine  
  123  11:11  Marine  
  123  11:14  Medivac, Marine  
  123  11:15  Siege Tank  
  123  11:17  Marine x2  
  132  11:25  Marine  
  133  11:29  Marine  
  133  11:32  Marine  
  125  11:34  Marine  
  125  11:38  Barracks Tech Lab x2  
  125  11:39  Marine  
  126  11:44  Marine  
  122  11:47  Marine  
  122  11:48  Siege Tank  
  122  11:54  Barracks x2  
  126  11:56  Barracks  
  126  12:00  SCV x2  
  128  12:02  Marine  
  128  12:03  Marauder  
  128  12:05  SCV, Marine  
  133  12:09  Marine  
  133  12:10  Marine  
Tags
 
Add a new tag
Caveats
  • Supply blocks, unpowered buildings, or Contaminate may cause inaccurate times.
  • Supply counts are checked every 10 seconds.